Map: [ESL] Crimson Court

Players

goblin

  • Race: Protoss Protoss
  • Spawn Location: 7:00

Reynor - Winner!

  • Race: Zerg Zerg
  • Spawn Location: 1:00

Event: ESL SC2 Masters 2024 Spring (Regional)

VOD

Have the link to the VOD?

Description

Time

  • Played on: May 2, 2024, 11:16 a.m.
  • Length: 9:48

All games in this series

Show
View Real Time Build Order
Export as new Build Order

goblin Protoss 

Build Orders: 1 Gate Expand, Oracle Opening 

Get SALT Encoding   

  12  0:00  Probe  
  13  0:12  Probe  
  14  0:20  Pylon  
  14  0:24  Probe  
  15  0:38  Probe (Chrono Boost)  
  15  0:39  Gateway  
  16  0:47  Probe (Chrono Boost)  
  16  0:48  Assimilator  
  17  0:52  Probe  
  18  1:05  Probe  
  19  1:17  Probe  
  20  1:28  Nexus  
  20  1:34  Cybernetics Core  
  20  1:36  Probe  
  21  1:43  Assimilator  
  21  1:48  Probe  
  21  1:52  Pylon  
  22  2:00  Probe  
  23  2:07  Adept (Chrono Boost)  
  23  2:13  Probe  
  23  2:15  Stargate  
  26  2:25  Probe  
  26  2:28  Adept (Chrono Boost)  
  27  2:31  Warp Gate  
  29  2:40  Probe (Chrono Boost)  
  29  2:41  Probe (Chrono Boost)  
  31  2:50  Stalker  
  35  2:52  Probe (Chrono Boost)  
  35  2:53  Probe (Chrono Boost)  
  35  2:56  Probe (Chrono Boost)  
  36  3:01  Probe  
  36  3:02  Oracle (Chrono Boost)  
  40  3:07  Probe  
  41  3:14  Pylon  
  41  3:18  Probe  
  42  3:22  Probe  
  43  3:30  Probe  
  43  3:34  Oracle (Chrono Boost), Probe, Gateway  
  44  3:42  Probe  
  44  3:46  Probe  
  46  3:52  Nexus  
  46  3:54  Probe  
  46  3:55  Pylon  
  47  3:59  Probe  
  47  4:02  Oracle (Chrono Boost)  
  48  4:06  Assimilator  
  48  4:09  Assimilator, Probe  
  52  4:13  Probe  
  53  4:21  Probe  
  54  4:26  Probe  
  55  4:32  Twilight Council  
  55  4:33  Forge  
  55  4:34  Adept x2  
  55  4:35  Probe  
  60  4:40  Pylon  
  60  4:41  Probe  
  61  4:46  Pylon  
  61  4:52  Blink  
  61  4:54  Gateway  
  61  4:56  Probe, Gateway  
  62  5:00  Protoss Ground Weapons Level 1 (Chrono Boost)  
  62  5:04  Shield Battery  
  62  5:06  Probe (Chrono Boost)  
  64  5:08  Probe (Chrono Boost)  
  65  5:18  Probe x2 (Chrono Boost)  
  67  5:23  Probe (Chrono Boost)  
  67  5:26  Probe (Chrono Boost)  
  65  5:33  Stalker x2  
  65  5:35  Probe x2  
  71  5:37  Probe  
  71  5:38  Photon Cannon  
  71  5:39  Shield Battery  
  71  5:40  Pylon  
  72  5:43  Robotics Facility  
  72  5:45  Oracle  
  72  5:47  Probe x2  
  77  5:52  Probe  
  77  5:56  Assimilator x2  
  78  5:59  Probe x2  
  78  6:00  Stalker x2  
  78  6:03  Pylon  
  85  6:04  Probe  
  85  6:10  Stalker  
  85  6:11  Probe x2  
  89  6:16  Probe  
  90  6:20  Gateway  
  90  6:21  Gateway  
  90  6:23  Templar Archives, Probe x2  
  92  6:27  Pylon, Observer (Chrono Boost)  
  92  6:28  Probe  
  94  6:34  Stalker x2  
  94  6:36  Adept  
  94  6:37  Protoss Ground Weapons Level 2 (Chrono Boost)  
  100  6:42  Photon Cannon  
  100  6:43  Probe x2  
  100  6:45  Immortal  
  106  6:56  Psionic Storm  
  106  7:09  Pylon  
  106  7:10  Pylon  
  106  7:12  Robotics Facility  
  106  7:13  Pylon  
  106  7:14  Pylon  
  106  7:16  Probe  
  106  7:22  Warp Prism (Chrono Boost)  
  107  7:24  High Templar x3  
  115  7:30  Shield Battery  
  115  7:32  Shield Battery  
  115  7:33  Photon Cannon  
  115  7:35  Photon Cannon  
  115  7:36  Stalker x2  
  115  7:37  Stalker  
  121  7:42  Gateway  
  117  8:01  Stalker x3  
  117  8:02  Stalker  
  113  8:06  Probe x2  
  113  8:11  Probe  
  103  8:14  Immortal (Chrono Boost)  
  103  8:16  Zealot x2  
  103  8:18  Probe x2  
  111  8:22  Immortal (Chrono Boost)  
  106  8:30  Zealot x2, Stalker  
  106  8:31  Probe  
  108  8:40  Archon  
  108  8:41  Zealot x4  
  103  8:45  Probe x2  
  81  8:58  Probe x2  
  81  8:59  High Templar  
  81  9:00  High Templar  
  81  9:01  High Templar x2  
  81  9:02  Zealot x2  
  88  9:04  Probe (Chrono Boost)  
  86  9:10  Probe x2 (Chrono Boost)  
  87  9:22  Probe x3 (Chrono Boost)  
Show
View Real Time Build Order
Export as new Build Order

Reynor Zerg - Winner!

Build Orders: Hatch First 

Get SALT Encoding   

  12  0:00  Drone  
  13  0:12  Overlord  
  13  0:17  Drone  
  14  0:31  Drone x2  
  16  0:49  Hatchery  
  15  0:52  Drone  
  15  0:55  Drone  
  17  0:59  Drone  
  18  1:10  Extractor  
  17  1:14  Spawning Pool  
  17  1:18  Drone  
  17  1:21  Drone  
  18  1:28  Drone  
  19  1:39  Drone  
  20  1:49  Overlord  
  20  2:01  Queen x2  
  20  2:02  Drone x2  
  26  2:11  Zergling x2  
  26  2:12  Zergling x2  
  28  2:22  Drone x2  
  30  2:34  Metabolic Boost  
  30  2:35  Drone x2  
  32  2:40  Hatchery  
  31  2:45  Queen  
  31  2:49  Overlord  
  33  2:53  Zergling x2  
  33  2:56  Zergling x2  
  33  2:57  Drone  
  36  3:06  Overlord  
  36  3:07  Queen  
  38  3:13  Drone x3  
  38  3:15  Drone  
  41  3:20  Zergling x2  
  41  3:22  Drone  
  41  3:26  Drone  
  43  3:32  Drone  
  42  3:39  Drone  
  43  3:43  Queen  
  43  3:45  Overlord  
  43  3:46  Drone x3  
  48  3:51  Queen  
  48  3:52  Drone  
  51  3:58  Unknown  
  51  3:59  Drone x2  
  50  4:03  Drone x2  
  50  4:05  Drone  
  50  4:09  Spore Crawler  
  52  4:11  Drone  
  52  4:15  Drone x3  
  52  4:16  Drone  
  57  4:18  Drone  
  57  4:21  Spore Crawler  
  56  4:24  Spore Crawler  
  56  4:26  Spore Crawler  
  56  4:30  Drone x2  
  57  4:31  Drone x3  
  57  4:35  Overlord  
  57  4:37  Queen  
  62  4:39  Drone  
  62  4:40  Drone  
  62  4:43  Drone x2  
  66  4:48  Overlord  
  65  4:53  Zergling x2  
  65  4:54  Zergling x8  
  65  4:55  Zergling x2  
  65  4:58  Lair  
  65  4:59  Drone  
  72  5:02  Drone  
  72  5:03  Spore Crawler  
  72  5:06  Overlord  
  72  5:07  Drone x2  
  72  5:13  Drone x3  
  77  5:16  Drone x3  
  77  5:19  Overlord  
  80  5:24  Evolution Chamber  
  80  5:26  Drone  
  80  5:27  Drone  
  79  5:29  Drone x2  
  79  5:30  Drone x3  
  81  5:40  Drone  
  81  5:41  Drone x3  
  85  5:46  Drone, Extractor  
  85  5:47  Extractor  
  85  5:48  Extractor  
  85  5:49  Overlord  
  83  5:50  Hatchery  
  83  5:51  Zerg Missile Weapons Level 1  
  83  5:55  Drone  
  84  5:57  Hydralisk Den, Drone  
  84  5:58  Zergling x10  
  84  6:01  Zergling x2  
  84  6:02  Zergling x2  
  91  6:07  Overlord  
  91  6:08  Overlord  
  91  6:12  Zergling x2  
  91  6:16  Pneumatized Carapace  
  92  6:20  Overlord  
  92  6:23  Zergling x6  
  92  6:24  Overlord  
  95  6:27  Muscular Augments  
  95  6:32  Overlord  
  95  6:37  Hydralisk x6  
  95  6:39  Hydralisk  
  109  6:42  Overlord  
  109  6:43  Hydralisk x3  
  109  6:45  Zergling x2  
  116  6:47  Hydralisk  
  116  6:48  Zergling x2  
  116  6:51  Overlord  
  119  6:59  Hydralisk x3  
  119  7:00  Zergling x2  
  126  7:06  Overlord  
  126  7:09  Hydralisk  
  126  7:10  Zergling x4  
  126  7:13  Overlord  
  130  7:16  Hydralisk x2  
  130  7:17  Zergling x10  
  136  7:23  Zergling x10  
  141  7:30  Hydralisk, Overlord  
  141  7:31  Grooved Spines  
  141  7:35  Hydralisk x2  
  147  7:38  Hydralisk x3  
  147  7:40  Zergling x6  
  156  7:45  Hydralisk  
  156  7:46  Zergling x2  
  156  7:49  Hydralisk x3  
  159  7:51  Zergling x2  
  159  7:52  Zergling x2  
  159  7:55  Overlord  
  159  7:58  Hydralisk, Zergling x2  
  157  7:59  Zergling x2  
  157  8:03  Hydralisk  
  160  8:06  Hydralisk x2  
  160  8:07  Hydralisk  
  160  8:08  Zergling x2  
  160  8:09  Zergling x2  
  160  8:14  Overlord  
  160  8:16  Zergling x2  
  160  8:17  Zergling x10  
  161  8:23  Hydralisk x3  
  158  8:27  Zergling x6  
  158  8:30  Hydralisk x2  
  158  8:33  Hydralisk  
  155  8:38  Hydralisk x2  
  155  8:39  Hydralisk  
  155  8:41  Zergling x2  
  147  8:45  Hydralisk  
  138  8:51  Hydralisk x2  
  138  8:52  Zergling x4  
  138  8:53  Zergling x4  
  127  9:03  Hydralisk  
  127  9:04  Zergling x12  
  127  9:05  Hydralisk  
  127  9:07  Hydralisk x2  
  136  9:16  Hydralisk x3  
  141  9:17  Zergling x6  
  141  9:22  Zergling x8  
  144  9:25  Zergling x8  
Tags
 
Add a new tag
Caveats
  • Supply blocks, unpowered buildings, or Contaminate may cause inaccurate times.
  • Supply counts are checked every 10 seconds.